 Dungeon Crawl Stone Soup version 0.31.0-11-ge490571c62 (webtiles) character file.

Game seed: 11858977029824408347

409 Ashen the Magician (level 7, -2/49 HPs)
             Began as a Djinni Ice Elementalist on Jan 27, 2024.
             Slain by a mummy (13 damage)
             ... in an ossuary.
             The game lasted 00:11:20 (3486 turns).

Ashen the Magician (Djinni Ice Elementalist)        Turns: 3486, Time: 00:11:21

Health: -2/49      AC:  7    Str:  7    XL:     7   Next: 13%
Gold:   141        EV: 13    Int: 19    God:
                   SH:  5    Dex: 13

rFire   + + .        k - +2 great sword (holy)
rCold   x . .        (shield currently unavailable)
rNeg    . . .        a - +0 robe
rPois   ∞            j - +0 helmet
rElec   .            (no cloak)
rCorr   .            (no gloves)
SInv    .            (boots unavailable)
Will    .....        c - amulet of reflection
Stlth   ++           p - +4 ring of protection
HPRegen 0.28/turn    (no ring)
MPRegen 0.00/turn

%: reflection, infuse magic (-3 HP)
@: flying
A: sickness immunity, fire resistance 2, cold vulnerability 1, float, innate
caster, HP casting, extra vitality 1
a: no special abilities


You were in an ossuary.
You visited 1 branch of the dungeon, and saw 4 of its levels.
You also visited: Sewer and Ossuary.

You collected 141 gold pieces.

Inventory:

Hand Weapons
 k - a +2 great sword of holy wrath (weapon)
Missiles
 i - a throwing net
Armour
 a - a +0 robe (worn)
 j - a +0 helmet (worn)
Magical Staves
 b - a staff of death
Jewellery
 c - an amulet of reflection (around neck)
 p - a +4 ring of protection (left hand)
Scrolls
 d - 3 scrolls of fog {unknown}
 e - 4 scrolls of immolation {unknown}
 g - 4 scrolls of fear {unknown}
 l - 7 scrolls of identify {unknown}
 n - 3 scrolls of vulnerability {unknown}
 q - a scroll of torment {unknown}
 u - 2 scrolls of teleportation {unknown}
 v - a scroll of amnesia {unknown}
Potions
 f - a potion of curing {unknown}
 h - a potion of lignification {unknown}
 m - a potion of attraction {unknown}
 o - 2 potions of might {unknown}
 r - 2 potions of degeneration {unknown}
 s - 3 potions of invisibility {unknown}
 t - a potion of mutation {unknown}
 w - a potion of heal wounds {unknown}
 x - a potion of resistance {unknown}


   Skills:
 + Level 2.7 Fighting
 + Level 4.1 Dodging
 - Level 3.0 Stealth
 * Level 4.9 Spellcasting
 * Level 4.9 Conjurations
 * Level 4.9 Hexes
   Level 0.0 Charms
 * Level 4.9 Summonings
 * Level 4.9 Necromancy
 * Level 4.9 Translocations
   Level 0.0 Transmutations
 * Level 4.9 Fire Magic
 * Level 4.9 Ice Magic
 * Level 4.9 Air Magic
 * Level 4.9 Earth Magic
 * Level 4.9 Alchemy


You knew the following spells:

 Your Spells              Type           Power      Damage    Failure   Level
a - Freeze                Ice            92%        1d9       1%          1
b - Frozen Ramparts       Ice            46%        1d7       4%          3
c - Ozocubu's Armour      Ice            23%        N/A       4%          3
d - Summon Ice Beast      Ice/Summ       23%        N/A       4%          3
e - Slow                  Hex            92%        N/A       1%          1
f - Jinxbite              Hex            46%        N/A       2%          2
g - Fugue of the Fallen   Necr           23%        N/A       4%          3
Your spell library was empty.

Dungeon Overview and Level Annotations

Branches:
Dungeon (4/15)              Sewer (visited)         Ossuary (1/1)
 Temple: D:4-7

Altars:
Cheibriados


Innate Abilities, Weirdness & Mutations

You are immune to sickness and miasma.
You are immune to poison.
Your flesh is very heat resistant. (rF++)
You are vulnerable to cold. (rC-)
You float through the air rather than walking.
You learn spells naturally, not from books.
Your magical power is your life essence.
You have superior vitality. (+4 MHP)


Message History

You swap places.
You now have 134 gold pieces (gained 12).
Things that are here:
a +0 giant club; an ogre corpse HP restored.
Your ice beast disappears in a puff of smoke!
You now have 141 gold pieces (gained 7).
x - a lumpy purple potion You hear the slow hiss of an avalanche of sand.
You reach down and open the door.
Found a sand-covered staircase.
There is an open door here.
There is a sand-covered staircase here.
The world spins around you as you enter the gateway.
You enter an ossuary!
Found a gate leading back out of this place.
There is an empty arch of ancient stone here.
You completely miss the scorpion zombie.
You block the scorpion zombie's attack. The scorpion zombie barely misses you.
The mummy attacks as it pursues you! The mummy hits you! The mummy misses you.
The scorpion zombie attacks as it pursues you!
The scorpion zombie hits you. You block the mummy's attack.
You slash the scorpion zombie!
The scorpion zombie convulses!
The scorpion zombie is severely damaged.
The scorpion zombie closely misses you. The mummy barely misses you.
You closely miss the mummy. The mummy closely misses you.
You slash the mummy!
The mummy convulses.
The mummy is severely damaged.
The mummy misses you. x2
You barely miss the mummy.
The mummy is severely damaged.
The mummy hits you! x2
* * * LOW HITPOINT WARNING * * *
Unknown command.
You barely miss the mummy.
The mummy is severely damaged.
The mummy hits you!
You die...

##+##
#...#
#.∩.#
#...#
#.∩.#
##...##
#MM...#
#@#.#.#
#######


You could see 2 mummies.

Vanquished Creatures
  2 kobold brigands (Sewer)
  2 adders
  4 river rats (Sewer)
  A dart slug (D:1)
  A ribbon worm (D:3)
  8 orcs (D:3)
  20 ball pythons
  8 bats
  8 endoplasms
  3 giant cockroaches
  10 goblins
  5 hobgoblins
  2 jackals (D:1)
  19 kobolds
  4 quokkas
  3 frilled lizards
  27 rats
127 creatures vanquished.

Vanquished Creatures (collateral kills)
  An ogre (D:4)
1 creature vanquished.

Vanquished Creatures (others)
  2 kobold brigands (Sewer)
2 creatures vanquished.

Grand Total: 130 creatures vanquished

Notes
Turn   | Place    | Note
-------+----------+-------------------------------------------
     0 | D:1      | Ashen the Djinni Ice Elementalist began the quest for the
                  | Orb.
     0 | D:1      | Ashen set off with the following spells memorised: Freeze,
                  | Frozen Ramparts, Ozocubu's Armour, Summon Ice Beast.
     0 | D:1      | Reached XP level 1. HP: 15/15 MP: 0/0
   117 | D:1      | Reached XP level 2. HP: 20/21 MP: 0/0
   343 | D:1      | Reached XP level 3. HP: 8/26 MP: 0/0
   343 | D:1      | Learned a level 1 spell: Slow
  1013 | D:2      | Reached XP level 4. HP: 31/31 MP: 0/0
  1015 | D:2      | Reached skill level 1 in Fighting
  1213 | D:2      | Found a snail-covered altar of Cheibriados.
  1564 | D:2      | Found a faded altar of an unknown god.
  1782 | D:3      | Found a glowing drain.
  1798 | Sewer    | Entered a sewer
  1827 | Sewer    | Noticed a kobold brigand
  1837 | Sewer    | Killed a kobold brigand
  1838 | Sewer    | Reached XP level 5. HP: 35/37 MP: 0/0
  1838 | Sewer    | Learned a level 2 spell: Jinxbite
  2090 | Sewer    | Noticed a kobold brigand
  2090 | Sewer    | Noticed a kobold brigand
  2127 | Sewer    | Reached XP level 6. HP: 27/43 MP: 0/0
  3386 | D:4      | Noticed an ogre
  3429 | D:4      | Killed an ogre
  3430 | D:4      | Reached XP level 7. HP: 44/49 MP: 0/0
  3430 | D:4      | Learned a level 3 spell: Fugue of the Fallen
  3470 | D:4      | Found a sand-covered staircase.
  3476 | Ossuary  | Entered an ossuary
  3486 | Ossuary  | Slain by a mummy

Illustrated notes

Levels and vault maps discovered:
D:1:      dpeg_arrival_simpleton_c, layout_loops_ring
D:2:      layout_basic, hellmonk_ecumenical_altar_inner_sanctum, basic_altar,
          corexii_corridor_pit
D:3:      layout_loops_ring, cheibrodos_sewer_entry_sluice
D:4:      layout_gridville, nicolae_overflow_quartered_altars,
          nicolae_ossuary_entry_plus, nicolae_letterblocks
          [nicolae_letter_subblock, nicolae_letter_subblock,
          nicolae_letter_subblock, nicolae_letter_subblock,
          nicolae_letter_subblock, nicolae_letter_subblock,
          nicolae_letter_subblock, nicolae_letter_subblock,
          nicolae_letter_subblock, nicolae_letter_subblock,
          nicolae_letter_subblock, nicolae_letter_subblock,
          nicolae_letter_subblock, nicolae_letter_subblock,
          nicolae_letter_subblock, nicolae_letter_subblock,
          nicolae_letter_subblock, nicolae_letter_subblock,
          nicolae_letter_subblock, nicolae_letter_subblock,
          nicolae_letter_subblock, nicolae_letter_subblock,
          nicolae_letter_subblock, nicolae_letter_subblock,
          nicolae_letter_subblock]
Ossuary:  ossuary_minmay_chase

Skill      XL: |  1  2  3  4  5  6 |
---------------+-------------------+-----
Stealth        | 2 3 |  3.0
Fighting       | 1 2 |  2.7
Spellcasting   | 4 |  4.9
Conjurations   | 4 |  4.9
Hexes          | 4 |  4.9
Summonings     | 4 |  4.9
Necromancy     | 4 |  4.9
Translocations | 4 |  4.9
Fire Magic     | 4 |  4.9
Ice Magic      | 4 |  4.9
Air Magic      | 4 |  4.9
Earth Magic    | 4 |  4.9
Alchemy        | 4 |  4.9
Dodging        | 3 4 |  4.1

Action                     |  1- 3 |  4- 6 |  7- 9 || total
---------------------------+-------+-------+-------++-------
  Melee: Staff             |     3 |       |       ||     3
         Great sword       |     1 |   183 |     6 ||   190
   Cast: Freeze            |    49 |     8 |       ||    57
         Frozen Ramparts   |       |     5 |       ||     5
         Jinxbite          |       |     5 |       ||     5
         Ozocubu's Armour  |       |     2 |       ||     2
         Summon Ice Beast  |       |     1 |       ||     1
   Stab: Sleeping          |       |     6 |       ||     6
         Distracted        |       |     1 |       ||     1
 Armour: Robe              |    23 |   122 |     5 ||   150
  Dodge: Dodged            |    16 |   156 |     7 ||   179
  Block: Other             |     6 |    61 |     2 ||    69
         Reflection        |       |     7 |       ||     7
